 Dungeon Crawl Stone Soup version 0.32-a0-975-g85d4e5bfdb (webtiles) character file.

Game seed: 17158493295745883616

460 Autsider the Sneak (level 6, -2/28 HPs)
             Began as a Spriggan Enchanter on Apr 19, 2024.
             Slain by a kobold
             ... wielding a +2 dagger of electrocution
              (18 damage)
             ... on level 4 of the Dungeon.
             The game lasted 00:10:08 (3386 turns).

Autsider the Sneak (Spriggan Enchanter)             Turns: 3386, Time: 00:10:09

Health: -2/28      AC:  2    Str:  4    XL:     6   Next: 78%
Magic:  11/13      EV: 17    Int: 19    God:
Gold:   153        SH:  0    Dex: 15    Spells: 11/13 levels left

rFire   . . .        n - +1 dagger (venom)
rCold   . . .        (no shield)
rNeg    . . .        b - +0 robe
rPois   +            p - +0 hat
rElec   .            (no cloak)
rCorr   .            (gloves unavailable)
SInv    +            (boots unavailable)
Will    +....        (no amulet)
Stlth   +++          j - ring of poison resistance
HPRegen 0.24/turn    (no ring)
MPRegen 0.13/turn

%: no passive effects
@: very quick
A: very small, no large weapons, unfitting armour, see invisible, speed 3
a: no special abilities


You were on level 4 of the Dungeon.
You visited 1 branch of the dungeon, and saw 4 of its levels.
You also visited: Sewer.

You collected 153 gold pieces.

Inventory:

Hand Weapons
 a - a +1 dagger
 k - a +0 short sword of draining
 n - a +1 dagger of venom (weapon)
Missiles
 i - 5 poisoned darts (quivered)
Armour
 b - a +0 robe (worn)
 p - a +0 hat (worn)
Jewellery
 j - a ring of poison resistance (left hand)
Scrolls
 d - 2 scrolls of torment {unknown}
 e - 2 scrolls of teleportation {unknown}
 f - 2 scrolls of fear {unknown}
 m - 2 scrolls of blinking {unknown}
 o - 2 scrolls of enchant weapon {unknown}
 r - a scroll of enchant armour {unknown}
 s - a scroll of silence {unknown}
 v - a scroll of immolation {unknown}
 x - a scroll of poison {unknown}
 y - a scroll of amnesia {unknown}
 B - a scroll of identify {unknown}
 C - a scroll of vulnerability {unknown}
Potions
 c - 4 potions of invisibility
 g - 2 potions of enlightenment {unknown}
 h - 3 potions of haste {unknown}
 l - 5 potions of heal wounds {unknown}
 q - a potion of berserk rage {unknown}
 t - a potion of curing {unknown}
 u - a potion of brilliance {unknown}
 w - a potion of mutation {unknown}
 z - 2 potions of resistance {unknown}
 A - a potion of degeneration {unknown}


   Skills:
 + Level 3.2 Short Blades
 + Level 4.5 Dodging
 + Level 6.6 Stealth
 + Level 4.2 Spellcasting
 + Level 5.0 Hexes
 - Level 2.0 Ice Magic


You had 11 spell levels left.
You knew the following spells:

 Your Spells              Type           Power      Damage    Failure   Level
a - Ensorcelled Hibernat  Hex/Ice        34%        N/A       4%          2

Your spell library contained the following spells:

 Spells                   Type           Power      Damage    Failure   Level
 Confusing Touch          Hex            23%        N/A       5%          3
 Tukima's Dance           Hex            23%        N/A       5%          3
 Dazzling Flash           Conj/Hex       26%        N/A       14%         3
 Vhi's Electric Charge    Tloc/Air       8%         N/A       80%         4
 Arcjolt                  Conj/Air       2%         1d12      98%         5
 Dispersal                Tloc           2%         N/A       100%        6
 Gell's Gavotte           Tloc           2%         2d(12-18) 100%        6
 Plasma Beam              Fire/Air       2%         2x1d12    100%        6
 Manifold Assault         Tloc           2%         N/A       100%        7
 Disjunction              Tloc           2%         N/A       100%        8


Dungeon Overview and Level Annotations

Branches:
Dungeon (4/15)              Sewer (visited)
 Temple: D:4-7

Altars:

Annotations:
D:1 exclusion: downstairs


Innate Abilities, Weirdness & Mutations

You are very small and have problems with some larger weapons.
You are too small for most types of armour.
You have supernaturally acute eyesight. (SInv)
You cover ground extremely quickly. (Speed+++)


Message History

The goblin hits you with a +0 dagger.
You closely miss the goblin. The goblin closely misses you.
You barely miss the goblin. The goblin hits you but does no damage.
You hit the goblin.
You kill the goblin!
You hit the hobgoblin.
The hobgoblin is moderately wounded.
You hit the hobgoblin.
The hobgoblin is poisoned.
The hobgoblin is almost dead.
The hobgoblin hits you.
You hit the hobgoblin.
You kill the hobgoblin!
You closely miss the kobold.
The kobold hits you with a +2 dagger of electrocution.
You are too injured to fight recklessly!
You are too injured to fight recklessly!
You are too injured to fight recklessly!
You are too injured to fight recklessly!
You are too injured to fight recklessly!
You are too injured to fight recklessly!
You are too injured to fight recklessly!
You are too injured to fight recklessly!
You are too injured to fight recklessly!
You are too injured to fight recklessly!
You are too injured to fight recklessly!
You are too injured to fight recklessly!
You are too injured to fight recklessly!
You are too injured to fight recklessly!
You are too injured to fight recklessly!
Casting: Ensorcelled Hibernation (safe; 4% risk of failure)
Confirm with . or Enter, or press ? or * to list all spells.
Aiming: Ensorcelled Hibernation (safe; 4% risk of failure)
Press: ? - help, Shift-Dir - straight line, f - kobold
Aim: a kobold, wielding a +2 dagger of electrocution (chance to affect: 67%)
The kobold struggles to resist.
The kobold hits you with a +2 dagger of electrocution.
* * * LOW HITPOINT WARNING * * *
You are electrocuted!!
Ouch! That really hurt!
You die...

..........
....#.....#......###
.........##........###
†........#...........
........##..........#
##......#.....#.....#
.###...##..........#
...###.# ......)K..#
.....#####....$.@.#
.......#.###......#
......##...###...##
#.....#......###.#
.....##........#'#
.....#.........(.#
....##......†...##
....#.....#.....#
...##..........##


You could see a kobold.

Vanquished Creatures
  2 scorpions (D:4)
  An orc priest (D:4)
  4 jellies (Sewer)
  A sleepcap (D:4)
  Robin (D:3)
  4 adders
  A river rat (D:3)
  A dart slug (D:2)
  3 orcs
  5 ball pythons
  15 endoplasms
  6 giant cockroaches
  19 goblins
  5 hobgoblins
  4 jackals (D:2)
  12 kobolds
  3 quokkas
  5 bats
  7 frilled lizards
  8 rats
107 creatures vanquished.

Notes
Turn   | Place    | Note
-------+----------+-------------------------------------------
     0 | D:1      | Autsider the Spriggan Enchanter began the quest for the
                  | Orb.
     0 | D:1      | Reached XP level 1. HP: 9/9 MP: 5/5
    30 | D:1      | Found a faded altar of an unknown god.
   245 | D:1      | Reached XP level 2. HP: 13/13 MP: 6/6
   286 | D:1      | Learned a level 2 spell: Ensorcelled Hibernation
  1244 | D:2      | Reached XP level 3. HP: 16/16 MP: 5/8
  1451 | D:2      | Reached skill level 5 in Stealth
  2024 | D:3      | Noticed Robin
  2042 | D:3      | Killed Robin
  2043 | D:3      | Reached skill level 1 in Ice Magic
  2043 | D:3      | Reached XP level 4. HP: 21/21 MP: 6/9
  2103 | D:3      | Found a glowing drain.
  2133 | Sewer    | Entered a sewer
  2313 | Sewer    | Reached XP level 5. HP: 24/24 MP: 4/11
  2432 | Sewer    | Found a viscous altar of Jiyva.
  2496 | Sewer    | Reached skill level 6 in Stealth
  3035 | D:4      | Reached XP level 6. HP: 28/28 MP: 12/12
  3348 | D:4      | Reached skill level 5 in Hexes
  3386 | D:4      | Slain by a kobold

Illustrated notes

Levels and vault maps discovered:
D:1:      saegor_arrival_simple_d, layout_basic, serial_forest,
          infiniplex_forest_zigzag_1, infiniplex_forest_clump_long,
          infiniplex_forest_end_double, infiniplex_forest_lined_corner,
          infiniplex_forest_straight_3, infiniplex_forest_straight_4,
          infiniplex_forest_fountain, infiniplex_forest_diagonal,
          infiniplex_forest_split, ebering_ecumenical_altar_sacrificial,
          st_stairs_14
D:2:      layout_rooms, minmay_nonomino_d4
D:3:      layout_basic, portal_sewer_entry_b, uniq_robin
D:4:      minmay_skewed_foursquare, layout_basic, nicolae_uskayaw_dance_hall,
          minmay_fractal_squares_5

Skill      XL: |  1  2  3  4  5  6 |
---------------+-------------------+-----
Dodging        | 3 4 |  4.5
Spellcasting   | 3 4 |  4.2
Hexes          | 4 5 |  5.0
Stealth        | 5 6 |  6.6
Short Blades   | 2 3 |  3.2
Ice Magic      | 1 2 |  2.0

Action                     |  1- 3 |  4- 6 || total
---------------------------+-------+-------++-------
  Melee: Dagger            |   156 |   131 ||   287
  Throw: Dart              |     2 |       ||     2
   Cast: Ensorcelled Hiber |     2 |    11 ||    13
   Stab: Sleeping          |    14 |    16 ||    30
 Armour: Robe              |    42 |    31 ||    73
  Dodge: Dodged            |    79 |    68 ||   147

Table legend: (Time is in decaauts)
 A = Elapsed time spent in this place.
 B = Non-inter-level travel time spent in this place.
 C = Inter-level travel time spent in this place.
 D = Time resting spent in this place.
 E = Time spent auto-exploring this place.
 F = Levels seen in this place.
 G = Mean time per level.
                   A        B        C        D        E       F      G
               +--------+--------+--------+--------+--------+-----+--------+
         Total |   2359 |   2258 |    101 |    121 |   1241 |   5 |  471.8 |
       Dungeon |   2020 |   1919 |    101 |     89 |   1096 |   4 |  505.0 |
         Sewer |    338 |    338 |      0 |     32 |    145 |   1 |  338.0 |
               +--------+--------+--------+--------+--------+-----+--------+

Top non-repeatable levels by time:
     D:1: 707 daAuts
     D:3: 590 daAuts
     D:2: 433 daAuts
   Sewer: 338 daAuts
     D:4: 289 daAuts
